 Dungeon Crawl Stone Soup version 0.32-a0-900-g30fb1b0edc (webtiles) character file.

Game seed: 4718257857792578846

63 Foxy the Charlatan (level 4, -3/30 HPs)
             Began as a Coglin Artificer on Apr 6, 2024.
             Was a Follower of Hepliaklqana.
             Slain by a water moccasin (7 damage)
             ... on level 3 of the Dungeon.
             The game lasted 00:03:28 (2210 turns).

Foxy the Charlatan (Coglin Artificer)               Turns: 2210, Time: 00:03:31

Health: -3/30      AC:  4    Str: 12    XL:     4   Next: 10%
Magic:  4/4        EV: 11    Int: 10    God:    Hepliaklqana [*.....]
Gold:   136        SH:  0    Dex: 17    Spells: 3/3 levels left

rFire   . . .        g - +0 short sword {Sextus}
rCold   . . .        f - +0 dagger {Eiko}
rNeg    . . .        b - +0 leather armour
rPois   .            (no helmet)
rElec   .            n - +0 cloak
rCorr   .            (no gloves)
SInv    .            (no boots)
Will    .....        (amulet unavailable)
Stlth   ++           (ring unavailable)
HPRegen 0.25/turn    (ring unavailable)
MPRegen 0.09/turn    (no gizmo)

%: no passive effects
@: mighty, lethally poisoned (-3 -> -16)
A: reduced essence, off-hand wielding, slow wielding, warmup strikes, no
jewellery
a: Invent Gizmo, Renounce Religion, Recall Ancestor, Ancestor Identity


You were on level 3 of the Dungeon.
You worshipped Hepliaklqana.
Hepliaklqana was aware of your devotion.
You visited 1 branch of the dungeon, and saw 3 of its levels.

You collected 136 gold pieces.

Inventory:

Hand Weapons
 f - a +0 dagger (offhand) {Eiko}
 g - a +0 short sword (weapon) {Sextus}
Armour
 b - a +0 leather armour (worn)
 n - a +0 cloak (worn)
Wands
 c - a wand of flame (13) (quivered)
 d - a wand of charming (15)
 e - a wand of iceblast (4)
Scrolls
 i - 3 scrolls of identify {unknown}
 o - a scroll of fog {unknown}
 p - a scroll of poison {unknown}
Potions
 a - a potion of degeneration {unknown}
 h - a potion of brilliance {unknown}
 j - a potion of invisibility {unknown}
 k - a potion of might
 l - a potion of lignification {unknown}
 m - 2 potions of curing {unknown}


   Skills:
 + Level 2.3 Fighting
 - Level 1.7 Armour
 + Level 2.0 Dodging
 - Level 0.7 Stealth
 + Level 4.9 Evocations


You had 3 spell levels left.
You didn't know any spells.
Your spell library contained the following spells:

 Spells                   Type           Power      Damage    Failure   Level
 Foxfire                  Conj/Fire      0%         2x1d4     43%         1
 Call Imp                 Summ           0%         N/A       58%         2
 Sublimation of Blood     Necr           0%         N/A       58%         2
 Plasma Beam              Fire/Air       0%         2x1d10    100%        6
 Starburst                Conj/Fire      0%         6d3       100%        6
 Summon Hydra             Summ           0%         N/A       100%        7


Dungeon Overview and Level Annotations

Branches:
Dungeon (3/15)

Altars:
Hepliaklqana

Shops:
D:1 *   D:2 [


Innate Abilities, Weirdness & Mutations

Your life essence is reduced to manifest your ancestor. (-10% HP)
You can wield a second weapon in your off-hand.
It takes a long time for you to wield or remove held weapons.
Your first few attacks do less damage.
You cannot equip rings or amulets.


Message History

Found 6 stones.
A water moccasin is nearby!
The water moccasin hisses angrily.
Aiming: Throw Flame
Press: ? - help, Shift-Dir - straight line, f - water moccasin
Aim: a water moccasin (ally target, 57% to hit)
The puff of flame misses the water moccasin.
Aiming: Throw Flame
Press: ? - help, Shift-Dir - straight line, f/p - water moccasin
Aim: a water moccasin (ally target, 57% to hit)
The puff of flame hits the water moccasin.
The water moccasin is lightly wounded.
Unknown command.
The water moccasin barely misses you.
Kuegox barely misses the water moccasin.
You hit the water moccasin with your +0 short sword.
The water moccasin is lightly wounded.
You closely miss the water moccasin with your +0 dagger.
The water moccasin bites you! The water moccasin bites you.
You are poisoned.
The water moccasin poisons you!
Kuegox closely misses the water moccasin.
Aiming: Iceblast
Press: ? - help, Shift-Dir - straight line, p - water moccasin The mass of ice explodes!
The iceblast engulfs the water moccasin!!
The water moccasin is almost dead.
You feel very sick.
You hear an angry hiss.
The water moccasin bites you!
* * * LOW HITPOINT WARNING * * *
You are more poisoned.
The water moccasin poisons you!
Kuegox misses the water moccasin.
It was a potion of might.
You feel very mighty all of a sudden.
* * * LOW HITPOINT WARNING * * *
You feel very sick. The water moccasin bites you!
You die...
Hepliaklqana delivers you to your ancestors.

.#.# ...... .#.#..
....### .....# #.#.#
#.S.# .. #.###R@# ...
#......# (. #####.## #.#
.# #.######.####.#
#.............###
####............#
####### #.......#..#.#
......#
#########..........#.#
#.##..#
#......##..>.........###


You could see the friendly Kuegox the ancestor and a water moccasin (ally
target).

Vanquished Creatures
  An adder (D:2)
  2 dart slugs
  An orc (D:3)
  7 ball pythons
  5 bats
  5 endoplasms
  2 giant cockroaches (D:1)
  A goblin (D:3)
  4 hobgoblins
  4 quokkas
  4 frilled lizards
  5 kobolds
  3 rats
44 creatures vanquished.

Notes
Turn   | Place    | Note
-------+----------+-------------------------------------------
     0 | D:1      | Foxy the Coglin Artificer began the quest for the Orb.
     0 | D:1      | Reached XP level 1. HP: 15/15 MP: 1/1
    87 | D:1      | Found Rebb's General Store.
   155 | D:1      | Reached skill level 1 in Dodging
   325 | D:1      | Reached XP level 2. HP: 21/21 MP: 2/2
   767 | D:1      | Reached XP level 3. HP: 26/27 MP: 3/3
  1266 | D:2      | Found a hazy altar of Hepliaklqana.
  1280 | D:2      | Became a worshipper of Hepliaklqana the Forgotten
  1531 | D:2      | Found Qelacw's Antique Armour Shop.
  1969 | D:3      | Reached XP level 4. HP: 33/33 MP: 4/4
  2013 | D:3      | Noticed a water moccasin
  2054 | D:3      | Reached * piety under Hepliaklqana
  2210 | D:3      | Slain by a water moccasin

Illustrated notes

Levels and vault maps discovered:
D:1:      saegor_arrival_fortress, layout_loops_corners, serial_shops, shop,
          minmay_door_square, glass_columns_a
D:2:      layout_loops_cross, basic_altar, serial_shops,
          nicolae_shop_rolling_square
D:3:      layout_loops_cross, serial_glass, glass_columns_c, glass_columns_b

Skill      XL: |  1  2  3  4 |
---------------+-------------+-----
Dodging        | 1 2 |  2.0
Fighting       | 2 |  2.3
Armour         | |  1.7
Stealth        | |  0.7
Evocations     | |  4.9

Action                     |  1- 3 |  4- 6 || total
---------------------------+-------+-------++-------
  Melee: Dagger            |    82 |     6 ||    88
         Short sword       |    82 |     7 ||    89
  Evoke: Wand              |       |     3 ||     3
    Use: Potion            |       |     1 ||     1
   Stab: Sleeping          |     7 |       ||     7
 Armour: Leather armour    |    45 |     5 ||    50
  Dodge: Dodged            |    38 |     7 ||    45

Table legend: (Time is in decaauts)
 A = Elapsed time spent in this place.
 B = Non-inter-level travel time spent in this place.
 C = Inter-level travel time spent in this place.
 D = Time resting spent in this place.
 E = Time spent auto-exploring this place.
 F = Levels seen in this place.
 G = Mean time per level.
                   A        B        C        D        E       F      G
               +--------+--------+--------+--------+--------+-----+--------+
         Total |   2209 |   2182 |     27 |      0 |   1820 |   3 |  736.3 |
       Dungeon |   2209 |   2182 |     27 |      0 |   1820 |   3 |  736.3 |
               +--------+--------+--------+--------+--------+-----+--------+

Top non-repeatable levels by time:
     D:1: 1120 daAuts
     D:2: 651 daAuts
     D:3: 437 daAuts
